 Dungeon Crawl Stone Soup version 0.21.1-1-g345015f (webtiles) character file.

2718 Mirai the Covert (level 9, -19/45 HPs)
             Began as a Kobold Enchanter on May 3, 2018.
             Was a Believer of Okawaru.
             Killed from afar by a steam dragon (24 damage)
             ... with a ball of steam
             ... on level 7 of the Dungeon.
             The game lasted 00:26:17 (10315 turns).

Mirai the Covert (Kobold Enchanter)                Turns: 10315, Time: 00:26:18

Health: -19/45     AC:  9    Str:  7    XL:     9   Next: 98%
Magic:  0/17       EV: 17    Int: 17    God:    Okawaru [**....]
Gold:   224        SH:  0    Dex: 19    Spells: 10/19 levels left

rFire    . . .     SeeInvis .   a - +1 dagger
rCold    + . .     Gourm    .   (shield restricted)
rNeg     + . .     Faith    .   s - +1 ring mail {rC+}
rPois    .         Spirit   +   (no helmet)
rElec    .         Reflect  .   i - +0 cloak
rCorr    .         Harm     .   (no gloves)
MR       .....                  y - +0 pair of boots
Stlth    ++........             m - amulet of guardian spirit
HPRegen  0.15/turn              E - ring of the Octopus King {rN+ AC+1 EV+1 Str+1 Int+1 Dex+1}
MPRegen  0.15/turn              l - ring of wizardry

@: very slightly contaminated, very slow
A: small, carnivore
a: Heroism, Renounce Religion


You were on level 7 of the Dungeon.
You worshipped Okawaru.
Okawaru was pleased with you.
You were very full.

You visited 2 branches of the dungeon, and saw 8 of its levels.

You collected 299 gold pieces.
You spent 75 gold pieces at shops.

Inventory:

Hand Weapons
 a - a +1 dagger (weapon)
 e - a +0 short sword of protection
Armour
 b - a +0 robe
 i - a +0 cloak (worn)
 s - a +1 ring mail of cold resistance (worn)
 y - a +0 pair of boots (worn)
Jewellery
 g - an uncursed ring of wizardry
 l - a ring of wizardry (right hand)
 m - an amulet of guardian spirit (around neck)
 o - an uncursed ring of poison resistance
 A - a +3 ring of intelligence
 E - a ring of the Octopus King (left hand) {rN+ AC+1 EV+1 Str+1 Int+1 Dex+1}
   (You found it on level 6 of the Dungeon)

   [ring of positive energy]

   It affects your AC (+1).
   It affects your evasion (+1).
   It affects your strength (+1).
   It affects your intelligence (+1).
   It affects your dexterity (+1).
   It protects you from negative energy.
Wands
 r - a wand of disintegration (11)
 C - a wand of digging (6)
Scrolls
 f - a scroll of identify
 j - 2 scrolls of teleportation
 k - 3 scrolls of remove curse
 u - a scroll of amnesia {unknown}
 v - 2 scrolls of random uselessness {unknown}
 B - a scroll of magic mapping {unknown}
 D - 2 scrolls of enchant weapon {unknown}
 F - a scroll of fog {unknown}
Potions
 h - 2 potions of resistance
 p - a potion of cancellation {unknown}
 q - 2 potions of lignification {unknown}
 t - a potion of magic {unknown}
 w - a potion of ambrosia {unknown}
 x - 4 potions of curing
 z - a potion of haste {unknown}
 G - a potion of brilliance {unknown}
Books
 c - a book of Maledictions

   Spells                             Type                      Level
   a - Corona                         Hexes                        1
   b - Ensorcelled Hibernation        Hexes/Ice                    2
   c - Confuse                        Hexes                        3
   d - Tukima's Dance                 Hexes                        3
   e - Dazzling Spray                 Conjuration/Hexes            3
Comestibles
 d - 12 rations


   Skills:
 + Level 7.0 Short Blades
 + Level 2.7 Armour
 + Level 6.8 Dodging
 * Level 10.0 Stealth
 + Level 5.6 Spellcasting
 + Level 6.0 Hexes


You had 10 spell levels left.
You knew the following spells:

 Your Spells              Type           Power        Failure   Level  Hunger
a - Corona                Hex            ####...      1%          1    None
b - Ensorcelled Hibernat  Hex/Ice        ###...       8%          2    #......
c - Confuse               Hex            ####....     4%          3    ##.....
d - Tukima's Dance        Hex            ####....     4%          3    ##.....


Dungeon Overview and Level Annotations

Branches:
Dungeon (7/15)             Temple (1/1) D:5

Altars:
Dithmenos
Elyvilon
Makhleb
Nemelex Xobeh
Okawaru
Qazlal
Ru
Trog
Wu Jian

Shops:
D:6 :*


Innate Abilities, Weirdness & Mutations

You are small and have problems with some larger weapons.
You are carnivorous and can eat meat at any time.


Message History

* * * LOW HITPOINT WARNING * * *
The two-headed ogre barely misses you.
Unknown command.
Blink to where?
Press: ? - help, Dir - move target cursor, p - two-headed ogre
As you read the scroll of blinking, it crumbles to dust.
As you read the scroll of teleportation, it crumbles to dust.
You feel strangely unstable.
Your surroundings suddenly seem different.
Splash!
You fall into the shallow water.
Moving in this stuff is going to be slow.
A steam dragon comes into view.
The steam dragon hisses angrily.
A steam dragon comes into view.
The steam dragon hisses angrily.
The steam dragon breathes steam at you.
The ball of steam hits the fungus.
The ball of steam hits you!
Ouch! That really hurt!
You die...

#P.# #≈..
#P.≈ #≈..
#≈.^ #..P
##^.P##
#^^.P@#
#≈≈≈.P.#
#PP.§§...
#..D...≈≈#
#.P...D≈##
##.≈....#
##PP≈###
####


You could see 2 steam dragons.

Vanquished Creatures
  The ghost of Mirai the Sneak, a novice KoEn of Okawaru (D:4)
  Edmund (D:6)
  An ice beast (D:6)
  A hornet zombie (D:5)
  5 ogres
  A phantom (D:6)
  A sky beast (D:5)
  6 centaurs
  Blork the orc (D:6)
  3 bullfrogs
  A scorpion (D:5)
  A centaur zombie (D:6)
  2 crimson imps
  3 hounds
  A jelly (D:7)
  An orc priest (D:7)
  A gnoll shaman (D:5)
  Natasha (thrice) (D:3)
  7 worker ants
  10 gnolls
  14 adders
  A shadow imp (D:6)
  An ooze (D:4)
  2 worms (D:3)
  2 dart slugs
  4 leopard geckos
  5 orcs (D:3)
  A ball python (D:5)
  6 bats
  6 giant cockroaches
  2 goblins (D:3)
  8 hobgoblins
  11 jackals
  A quokka (D:4)
  8 frilled lizards
  7 kobolds
  A quokka skeleton (D:5)
  7 rats
138 creatures vanquished.

Vanquished Creatures (others)
  A bat (D:3)
1 creature vanquished.

Grand Total: 139 creatures vanquished

Notes
Turn   | Place    | Note
-------+----------+-------------------------------------------
     0 | D:1      | Mirai the Kobold Enchanter began the quest for the Orb.
     0 | D:1      | Reached XP level 1. HP: 10/10 MP: 3/3
   290 | D:1      | Reached XP level 2. HP: 15/15 MP: 5/5
   294 | D:1      | Learned a level 2 spell: Ensorcelled Hibernation
   852 | D:1      | Reached XP level 3. HP: 15/19 MP: 6/6
  1665 | D:2      | Reached XP level 4. HP: 11/24 MP: 4/8
  2156 | D:2      | Reached XP level 5. HP: 26/28 MP: 1/9
  2443 | D:2      | Reached skill level 5 in Stealth
  3100 | D:3      | Noticed Natasha
  3125 | D:3      | Killed Natasha
  3227 | D:3      | Reached XP level 6. HP: 26/32 MP: 10/10
  3593 | D:3      | Noticed Natasha
  3598 | D:3      | Killed Natasha
  3616 | D:3      | Noticed Natasha
  3632 | D:3      | Killed Natasha
  3733 | D:4      | Noticed an ogre
  3768 | D:4      | Killed an ogre
  3926 | D:4      | Reached XP level 7. HP: 27/36 MP: 5/12
  3963 | D:4      | Reached skill level 6 in Stealth
  4132 | D:4      | Noticed Mirai's ghost (novice KoEn)
  4135 | D:4      | Found a burning altar of Makhleb.
  4698 | D:3      | Learned a level 3 spell: Confuse
  4702 | D:3      | Learned a level 3 spell: Tukima's Dance
  6273 | D:4      | Killed Mirai's ghost
  6273 | D:4      | Reached skill level 5 in Short Blades
  6273 | D:4      | Reached skill level 5 in Dodging
  6273 | D:4      | Reached XP level 8. HP: 39/41 MP: 6/14
  6889 | D:4      | Reached skill level 7 in Stealth
  6993 | D:5      | Entered Level 5 of the Dungeon
  7030 | D:5      | Reached skill level 5 in Hexes
  7112 | D:5      | Found an iron altar of Okawaru.
  7128 | D:5      | Became a worshipper of Warmaster Okawaru
  7237 | D:5      | Found a staircase to the Ecumenical Temple.
  7254 | Temple   | Entered the Ecumenical Temple
  7639 | D:5      | Reached skill level 1 in Armour
  7797 | D:5      | Found a bloodstained altar of Trog.
  7797 | D:5      | Found a sacrificial altar of Ru.
  7797 | D:5      | Found a shadowy altar of Dithmenos.
  7798 | D:5      | Found a white marble altar of Elyvilon.
  7799 | D:5      | Found a sparkling altar of Nemelex Xobeh.
  7799 | D:5      | Found an ornate altar of the Wu Jian Council.
  7800 | D:5      | Found a stormy altar of Qazlal.
  7882 | D:5      | Reached skill level 8 in Stealth
  7882 | D:5      | Reached XP level 9. HP: 27/45 MP: 5/16
  8086 | D:5      | Reached skill level 5 in Spellcasting
  8175 | D:5      | Reached * piety under Okawaru
  8643 | D:6      | Reached skill level 9 in Stealth
  8885 | D:6      | Found Bumos's Book Emporium.
  9142 | D:6      | Found Qiphimm's Assorted Antiques.
  9145 | D:6      | Bought a notched golden ring for 75 gold pieces
  9361 | D:6      | Noticed Edmund
  9366 | D:6      | Killed Edmund
  9547 | D:6      | Noticed Blork the orc
  9558 | D:6      | Killed Blork the orc
  9706 | D:6      | Found the ring of the Octopus King
  9718 | D:6      | Got a ring of the Octopus King
  9728 | D:6      | Identified a ring of the Octopus King {rN+ AC+1 EV+1 Str+1 Int+1 Dex+1} (You found it on level 6 of the Dungeon)
 10204 | D:7      | Noticed a two-headed ogre
 10229 | D:7      | Reached ** piety under Okawaru
 10229 | D:7      | Reached skill level 10 in Stealth
 10315 | D:7      | Killed from afar by a steam dragon

Skill      XL: |  1  2  3  4  5  6  7  8  9 |
---------------+----------------------------+-----
Short Blades   | 2 3 4 5 7 |  7.0
Dodging        | 3 4 5 6 |  6.8
Stealth        | 5 6 8 10 | 10.0
Spellcasting   | 3 4 5 |  5.6
Hexes          | 4 5 6 |  6.0
Armour         | 1 2 |  2.7

Action                   |  1- 3 |  4- 6 |  7- 9 || total
-------------------------+-------+-------+-------++-------
Melee: Dagger            |    10 |       |   215 ||   225
       Short sword       |    77 |   192 |    53 ||   322
 Cast: Ensorcelled Hiber |     3 |    51 |   106 ||   160
       Confuse           |       |       |    25 ||    25
       Corona            |       |       |     1 ||     1
  Use: Potion            |       |     1 |     5 ||     6
       Scroll            |       |       |     8 ||     8
 Stab: Sleeping          |    12 |    27 |    49 ||    88
       Confused          |       |       |     8 ||     8
  Eat: Chunk             |    11 |    10 |    23 ||    44
Armor: Robe              |    18 |    51 |    17 ||    86
       Ring mail         |       |       |    62 ||    62
Dodge: Dodged            |    78 |   222 |   272 ||   572
